 Dungeon Crawl Stone Soup version 0.19-a0-994-g3c636f0 (webtiles) character file.

142 mopl the Sneak (level 5, -2/42 HPs)
             Began as a Naga Enchanter on July 15, 2016.
             Slain by a gnoll
             ... wielding a +0 club
              (6 damage)
             ... on level 3 of the Dungeon.
             The game lasted 00:05:39 (2363 turns).

mopl the Sneak (Naga Enchanter)                     Turns: 2363, Time: 00:05:40

Health: -2/42      AC:  4    Str: 10    XL:     5   Next: 24%
Magic:  2/9        EV:  5    Int: 16    God:
Gold:   137        SH:  0    Dex: 12    Spells: 3 memorised, 3 levels left

rFire  x . .     SeeInvis +     a - +1 dagger
rCold  + . .     Gourm    .     b - +1 robe
rNeg   + . .     Faith    .     (no shield)
rPois  +         Spirit   .     r - +0 helmet (curse)
rElec  .         Dismiss  .     (no cloak)
rCorr  .         Reflect  .     (no gloves)
SustAt .         Harm     .     (no barding)
MR     .....                    (no amulet)
Stlth  +++.......               l - ring of positive energy
                                j - ring of ice

@: very slightly contaminated, very slow, not resistant to hostile enchantments,
fairly stealthy
A: see invisible, deformed body, poison resistance, slowness 2, slow metabolism
1, spit poison 2, AC +1
a: Spit Poison


You were on level 3 of the Dungeon.
You were very hungry.

You visited 1 branch of the dungeon, and saw 3 of its levels.

You collected 137 gold pieces.

Inventory:

Hand Weapons
 a - a +1 dagger (weapon)
Missiles
 q - 16 poisoned needles
Armour
 b - a +1 robe (worn)
 p - a cursed -2 leather armour
 r - a cursed +0 helmet (worn)
Jewellery
 j - a ring of ice (left hand)
 l - a ring of positive energy (right hand)
Wands
 k - a wand of confusion (20/48)
Scrolls
 e - a scroll of immolation {unknown}
 g - a scroll of magic mapping {unknown}
 i - 2 scrolls of teleportation {unknown}
 s - a scroll of recharging {unknown}
Potions
 h - 2 potions of degeneration {unknown}
 m - a potion of resistance {unknown}
 n - 3 potions of curing {unknown}
 t - a potion of agility {unknown}
Books
 c - a book of Maledictions

   Spells                             Type                      Level
   a - Corona                         Hexes                        1
   b - Ensorcelled Hibernation        Hexes/Ice                    2
   c - Confuse                        Hexes                        3
   d - Tukima's Dance                 Hexes                        3
   e - Dazzling Spray                 Conjuration/Hexes            3
Comestibles
 d - 2 bread rations
 f - 2 beef jerkies
 v - a meat ration


   Skills:
 + Level 2.1 Short Blades
 - Level 1.5 Dodging
 + Level 5.1 Stealth
 + Level 2.7 Spellcasting
 * Level 4.1 Hexes
 + Level 1.6 Ice Magic


You had 3 spell levels left.
You knew the following spells:

 Your Spells              Type           Power        Failure   Level  Hunger
a - Corona                Hex            ###....      4%          1    #......
b - Ensorcelled Hibernat  Hex/Ice        ###...       10%         2    ##.....
c - Confuse               Hex            ###.....     12%         3    ###....


Dungeon Overview and Level Annotations

Branches:
Dungeon (3/15)

Altars:

Annotations:
D:3 Gagarin's ghost, amateur DsAK


Innate Abilities, Weirdness & Mutations

You cannot wear boots.
Your serpentine skin is tough. (AC +1)
You have supernaturally acute eyesight. (SInv)
Armour fits poorly on your strangely shaped body.
Your system is resistant to poisons. (rPois)
You cover ground very slowly.
You have a slow metabolism.
You can spit poison.


Message History

Unknown command.
There is a stone staircase leading up, spattered with blood here.
Gagarin's ghost boasts, "I have defeated monsters you have never seen."
Gagarin's ghost hits you!
The gnoll throws a throwing net.
The throwing net hits you.
You become entangled in the net!
Gagarin's ghost hits you!
You can't do that while held in a net.
You can't do that while held in a net.
You tear a large gash into the net.
Gagarin's ghost hits you!
* * * LOW HITPOINT WARNING * * *
You struggle against the net.
Gagarin's ghost barely misses you. The gnoll completely misses you.
Unknown command.
You rip the net and break free!
Gagarin's ghost barely misses you. The gnoll barely misses you.
Gagarin's ghost says, "They lied to you.
The Dungeon just goes down and down forever."
Gagarin's ghost hits you!
* * * LOW HITPOINT WARNING * * *
The gnoll hits you with a club.
You die...

#.####.# #......###
#.......# #.....).#
#.......# #.......# ##
#.......# #..# ..
#.......# #..# #.
#....@..# #..# # #.
#.##W#g## #..#.# # #.
#.##)#.####..#.# .##.##.
#.##>..........
.......###..........#.#
#......g#..##........#
#.#####.#............#..#
#.)..............#
####.#.........##.#


You could see Gagarin's ghost and a gnoll.

Vanquished Creatures
  A worker ant (D:3)
  Robin (D:2)
  2 gnolls (D:3)
  2 adders (D:2)
  2 worms (D:2)
  2 dart slugs
  A giant gecko (D:2)
  3 orcs (D:2)
  2 giant cockroaches (D:2)
  7 hobgoblins
  3 jackals (D:2)
  5 kobolds
  8 bats
  2 giant newts
  11 goblins
  7 rats
59 creatures vanquished.

Notes
Turn   | Place    | Note
-------+----------+-------------------------------------------
     0 | D:1      | mopl the Naga Enchanter began the quest for the Orb.
     0 | D:1      | Reached XP level 1. HP: 15/15 MP: 3/3
    80 | D:1      | Reached XP level 2. HP: 19/22 MP: 5/5
   106 | D:1      | Learned a level 2 spell: Ensorcelled Hibernation
   506 | D:2      | Reached XP level 3. HP: 22/28 MP: 6/6
   770 | D:2      | Reached skill level 1 in Ice Magic
   888 | D:2      | Learned a level 3 spell: Confuse
   917 | D:2      | Reached XP level 4. HP: 33/36 MP: 4/7
  1042 | D:2      | Noticed Robin
  1049 | D:2      | Killed Robin
  1441 | D:3      | Reached skill level 2 in Short Blades
  1459 | D:3      | Reached skill level 4 in Hexes
  1489 | D:3      | Noticed Gagarin's ghost (amateur DsAK)
  1513 | D:2      | Reached XP level 5. HP: 24/42 MP: 3/9
  2347 | D:3      | Reached skill level 5 in Stealth
  2363 | D:3      | Slain by a gnoll

Vault maps used:
D:1:      lemuel_arrival_broad_hall
D:2:      first_bread, uniq_robin
D:3:      trog_eyes_of_draining, yredelemnul_forgotten_temple_becter,
          kennysheep_generic_room_13

Skill      XL: |  1  2  3  4  5 |
---------------+----------------+-----
Ice Magic      | 1 |  1.6
Short Blades   | 2 |  2.1
Hexes          | 4 |  4.1
Stealth        | 5 |  5.1
Dodging        | |  1.5
Spellcasting   | |  2.7

Action                   |  1- 3 |  4- 6 || total
-------------------------+-------+-------++-------
Melee: Dagger            |    59 |    61 ||   120
 Cast: Corona            |     1 |       ||     1
       Ensorcelled Hiber |     7 |    20 ||    27
       Confuse           |       |     4 ||     4
 Abil: Spit Poison       |    10 |     5 ||    15
 Stab: Sleeping          |    14 |    15 ||    29
       Distracted        |     1 |       ||     1
       Confused          |       |     4 ||     4
  Eat: Chunk             |     1 |     3 ||     4
       Pizza             |       |     1 ||     1
Armor: Robe              |    14 |    33 ||    47
Dodge: Dodged            |    32 |    49 ||    81
